 Dungeon Crawl Stone Soup version 0.28.0-43-g3370ac3207 (webtiles) character file.

Game seed: 3808338124469680730

67 buriedalive the Chiller (level 3, 0/19 HPs)
             Began as a Deep Elf Ice Elementalist on Mar 14, 2022.
             Succumbed to a kobold's poison
             ... on level 2 of the Dungeon.
             The game lasted 00:03:21 (2304 turns).

buriedalive the Chiller (Deep Elf Ice Elementalist) Turns: 2304, Time: 00:03:22

Health: 0/19       AC:  2    Str:  5    XL:     3   Next: 98%
Magic:  8/9        EV: 13    Int: 21    God:
Gold:   72         SH:  0    Dex: 15    Spells: 7/8 levels left

rFire   . . .      SeeInvis .   g - +0 dagger
rCold   . . .      Faith    .   (no shield)
rNeg    . . .      Spirit   .   a - +0 robe
rPois   .          Reflect  .   (no helmet)
rElec   .          Harm     .   (no cloak)
rCorr   .          Rampage  .   (no gloves)
Will    .....                   (no boots)
Stlth   ++........              (no amulet)
HPRegen 0.06/turn               (no ring)
MPRegen 0.11/turn               (no ring)

@: lethally poisoned (0 -> -5)
A: no striking features
a: no special abilities


You were on level 2 of the Dungeon.
You visited 1 branch of the dungeon, and saw 3 of its levels.

You collected 72 gold pieces.

Inventory:

Hand Weapons
 g - a +0 dagger (weapon)
Missiles
 b - 85 stones
Armour
 a - a +0 robe (worn)
Scrolls
 c - 4 scrolls of identify {unknown}
 h - a scroll of teleportation {unknown}
 i - a scroll of vulnerability {unknown}
 j - a scroll of holy word {unknown}
Potions
 d - a potion of lignification {unknown}
 e - 2 potions of berserk rage {unknown}
 f - a potion of ambrosia {unknown}
 k - 2 potions of attraction {unknown}
 l - a potion of flight {unknown}


   Skills:
 + Level 4.0 Dodging
 - Level 2.4 Stealth
 - Level 3.0 Spellcasting
 + Level 5.3 Ice Magic


You had 7 spell levels left.
You knew the following spells:

 Your Spells              Type           Power      Damage    Failure   Level
a - Freeze                Ice            100%       1d11      1%          1

Your spell library contained the following spells:

 Spells                   Type           Power      Damage    Failure   Level
 Frozen Ramparts          Ice            50%        1d7       4%          3
 Ozocubu's Armour         Ice            25%        N/A       4%          3
 Hailstorm                Conj/Ice       14%        3d5       41%         4


Dungeon Overview and Level Annotations

Branches:
Dungeon (3/15)

Altars:


Message History

You kill the adder!
Your Dodging skill increases to level 4!
HP restored.
There is a stone staircase leading down here.
There is a stone staircase leading down here.
Done exploring.
Done exploring.
(D) Dungeon
Where to? (Enter - D:2, ? - help)
There is a stone staircase leading down here.
You climb downwards.
Found 4 curare-tipped darts.
There is a stone staircase leading up here.
There are monsters nearby!
There are monsters nearby!
Casting: Freeze (safe; 1% risk of failure)
Confirm with . or Enter, or press ? or * to list all spells.
Aiming: Freeze (safe; 1% risk of failure)
Press: ? - help, Shift-Dir - straight line, f - hobgoblin
Aim: a hobgoblin (asleep)
You freeze the hobgoblin.
The hobgoblin shouts!
The hobgoblin is lightly wounded.
The hound barks!
You hear a shout!
The hound bites you. The hobgoblin barely misses you.
A kobold comes into view.
It is wielding a +0 whip and quivering poisoned darts.
The hound bites you.
Unknown command.
The kobold throws a poisoned dart.
The poisoned dart hits you!
You are lethally poisoned!
There is a stone staircase leading up here.
You feel very sick. The hound barely misses you.
The hound bites you but does no damage.
You climb upwards.
You feel very sick.
There is a stone staircase leading down here.
* * * LOW HITPOINT WARNING * * *
You feel sick. The hobgoblin hits you.
* * * LOW HITPOINT WARNING * * *
You die...

###### #....# #.##.#
#.##.######################
#.#.....h.@................
#.#.#.##g###...............
#.#.#.##...................
#.#.#.######...............
#.#.#.# #...............
#.#.#.# #...............
#.#.#.# #...............
#.....# ########........
###.######### #........


You could see a hound and a hobgoblin.

Vanquished Creatures
  4 adders (D:2)
  A dart slug (D:1)
  4 ball pythons (D:1)
  4 endoplasms
  2 giant cockroaches (D:1)
  2 goblins
  A hobgoblin (D:1)
  2 quokkas
  3 bats
  A frilled lizard (D:1)
  A kobold (D:1)
  4 rats
29 creatures vanquished.

Notes
Turn   | Place    | Note
-------+----------+-------------------------------------------
     0 | D:1      | buriedalive the Deep Elf Ice Elementalist began the quest
                  | for the Orb.
     0 | D:1      | Reached XP level 1. HP: 10/10 MP: 6/6
   460 | D:1      | Reached XP level 2. HP: 15/15 MP: 6/8
   814 | D:1      | Found a faded altar of an unknown god.
  1516 | D:2      | Reached skill level 5 in Ice Magic
  1516 | D:2      | Reached XP level 3. HP: 19/19 MP: 5/9
  2304 | D:2      | Succumbed to a kobold's poison

Illustrated notes

Levels and vault maps discovered:
D:1:      sevenhm_arrival_forest_fort_small_3, layout_basic,
          shapermc_ecumenical_altar_totnotflames
D:2:      layout_basic
D:3:      layout_loops_ring, grunt_temple_overflow_diamond, serial_shops,
          nicolae_shop_stone, chequers_serial_rivers_micro_e, uniq_natasha

Skill      XL: |  1  2  3 |
---------------+----------+-----
Dodging        | 3 4 |  4.0
Ice Magic      | 5 |  5.3
Stealth        | |  2.4
Spellcasting   | |  3.0

Action                   || total
-------------------------++-------
Melee: Unarmed           ||     5
       Dagger            ||    18
       Punch             ||     1
 Cast: Freeze            ||    37
 Stab: Sleeping          ||     5
Armor: Robe              ||    11
Dodge: Dodged            ||    36
